 Dungeon Crawl Stone Soup version 0.24-b1 (webtiles) character file.

Game seed: 4960550705082323026, levelgen mode: deterministic

77 Heliosone the Slasher (level 4, -4/35 HPs)
             Began as a Human Gladiator on Oct 12, 2019.
             Slain by a phantom (5 damage)
             ... on level 2 of the Dungeon.
             The game lasted 00:03:21 (1834 turns).

Heliosone the Slasher (Human Gladiator)             Turns: 1834, Time: 00:03:23

Health: -4/35      AC:  6    Str: 15    XL:     4   Next: 60%
Magic:  4/4        EV: 13    Int:  9    God:
Gold:   64         SH:  0    Dex: 14    Spells: 3/3 levels left

rFire    . . .     SeeInvis .   a - +0 long sword
rCold    . . .     Gourm    .   (no shield)
rNeg     . . .     Faith    .   b - +0 leather armour
rPois    .         Spirit   .   c - +0 helmet
rElec    .         Reflect  .   e - +0 cloak
rCorr    .         Harm     .   o - +0 pair of gloves
MR       .....                  (no boots)
Stlth    +.........             (no amulet)
HPRegen  0.11/turn              (no ring)
MPRegen  0.09/turn              (no ring)

@: no status effects
A: no striking features
a: no special abilities


You were on level 2 of the Dungeon.
You were not hungry.

You visited 1 branch of the dungeon, and saw 3 of its levels.

You collected 64 gold pieces.

Inventory:

Hand Weapons
 a - a +0 long sword (weapon)
Missiles
 d - 4 throwing nets
 j - 3 curare-tipped darts
 p - 13 poisoned darts (quivered)
Armour
 b - a +0 leather armour (worn)
 c - a +0 helmet (worn)
 e - a +0 cloak (worn)
 o - a +0 pair of gloves (worn)
Scrolls
 l - a scroll of teleportation {unknown}
 m - a scroll of identify {unknown}
Potions
 g - a potion of haste {unknown}
 h - 2 potions of curing {unknown}
 i - 2 potions of flight {unknown}
 k - a potion of lignification {unknown}
 n - 2 potions of heal wounds {unknown}
Comestibles
 f - 4 rations
 q - 8 chunks of flesh


   Skills:
 + Level 3.0 Fighting
 + Level 3.7 Long Blades
 - Level 2.0 Throwing
 + Level 3.7 Dodging


You had 3 spell levels left.
You didn't know any spells.
Your spell library was empty.

Dungeon Overview and Level Annotations

Branches:
Dungeon (3/15)

Altars:
Trog


Message History

Throwing (i - inventory. (/) - cycle)
p - 15 poisoned darts (quivered)
Press: ? - help, Shift-Dir - straight line, f - phantom
Aim: a phantom (severely damaged)
You throw a poisoned dart. The poisoned dart hits the phantom.
The phantom is severely damaged.
Throwing (i - inventory. (/) - cycle)
p - 14 poisoned darts (quivered)
Press: ? - help, Shift-Dir - straight line, f/p - phantom
Aim: a phantom (severely damaged)
You throw a poisoned dart.
The poisoned dart barely misses the phantom.
You hit the phantom but do no damage.
The phantom is severely damaged.
The phantom closely misses you.
You barely miss the phantom.
The phantom is severely damaged.
The phantom barely misses you.
You riposte.
You hit the phantom but do no damage.
The phantom is severely damaged.
The phantom hits you.
You die...

.((#####>###.##...........###.###
##(((<...# #.##.#...########...##
############..÷....## #...## #
#.......##.#### #...## ##
#.......##.# #####...## .###
#.......##.#### ###......... ...#
#.............#............. .#.#
#.......###.#.#.###......... ##.#
#.......# #@#.# #####.†.## .#.#
#.......###W#.#.#### #...## .#.#
#########...(......# #...## .#.#
## #.#.(.#.##.# #...# ...# ..
#.##### ####.### .### .# # #...#
#....... .# .# #...# #...÷...
.#####.# #...# #.##.##. .......#
#...# ####.##....


You could see a phantom.

Vanquished Creatures
  An adder (D:2)
  An ooze (D:2)
  2 dart slugs (D:1)
  2 leopard geckos
  5 bats
  5 giant cockroaches
  6 goblins
  9 hobgoblins
  4 jackals (D:1)
  A quokka (D:2)
  A ball python (D:1)
  A frilled lizard (D:2)
  9 kobolds
  7 rats
54 creatures vanquished.

Notes
Turn   | Place    | Note
-------+----------+-------------------------------------------
     0 | D:1      | Heliosone the Human Gladiator began the quest for the Orb.
     0 | D:1      | Reached XP level 1. HP: 16/16 MP: 1/1
    92 | D:1      | Reached XP level 2. HP: 22/22 MP: 2/2
   320 | D:1      | Reached XP level 3. HP: 27/28 MP: 3/3
  1056 | D:2      | Found a bloodstained altar of Trog.
  1370 | D:2      | Reached XP level 4. HP: 28/34 MP: 4/4
  1509 | D:2      | You fall into a shaft and drop 1 floor!
  1802 | D:2      | Noticed a phantom
  1829 | D:2      | HP: 1/35 [phantom (7)]
  1834 | D:2      | Slain by a phantom

Skill      XL: |  1  2  3  4 |
---------------+-------------+-----
Fighting       | 3 |  3.0
Long Blades    | |  3.7
Throwing       | |  2.0
Dodging        | |  3.7

Action                   |  1- 3 |  4- 6 || total
-------------------------+-------+-------++-------
Melee: Long sword        |    93 |    71 ||   164
Throw: Dart              |       |     2 ||     2
 Stab: Sleeping          |     1 |       ||     1
  Eat: Chunk             |     1 |     2 ||     3
Armor: Leather armour    |    34 |    19 ||    53
Dodge: Dodged            |   104 |    59 ||   163
       Rpst.: Long sword |    30 |    17 ||    47
